 Dungeon Crawl Stone Soup version 0.20.1-1-g8b1a95d (webtiles) character file.

4648 letownia2 the Reanimator (level 10, 75/81 HPs)
             Began as a Deep Dwarf Necromancer on Nov 5, 2017.
             Was an Initiate of Gozag.
             Quit the game on level 9 of the Dungeon.
             The game lasted 00:25:32 (8919 turns).

letownia2 the Reanimator (Deep Dwarf Necromancer)   Turns: 8919, Time: 00:25:32

Health: 75/81      AC: 14    Str: 14    XL:     10   Next: 20%
Magic:  23/23      EV:  7    Int: 17    God:    Gozag
Gold:   386        SH:  0    Dex: 13    Spells: 23/27 levels left

rFire    + . .     SeeInvis .   a - +2 whip (elec)
rCold    . . .     Gourm    .   (no shield)
rNeg     . . .     Faith    .   K - +0 chain mail (curse)
rPois    .         Spirit   .   (no helmet)
rElec    .         Reflect  .   (no cloak)
rCorr    .         Harm     .   R - +0 pair of gloves
MR       ++...                  k - +2 pair of boots
Stlth    ..........             w - amulet of magic regeneration
Regen    0.0/turn               m - ring of protection from fire
MPRegen  0.3/turn               j - ring of protection from magic

@: non-regenerating
A: damage resistance, heal wounds, sense surroundings 2, no regeneration
a: Heal Wounds, Potion Petition, Call Merchant, Bribe Branch, Renounce Religion


You were on level 9 of the Dungeon.
You worshipped Gozag.
Gozag was aware of your devotion.
You were hungry.

You visited 2 branches of the dungeon, and saw 10 of its levels.

You collected 1174 gold pieces.
You paid 788 gold pieces to Gozag.

Inventory:

Hand Weapons
 a - a +2 whip of electrocution (weapon)
 b - a +3 dagger of venom
 d - the +3 longbow of Glory {flame, Str+2}
   (You found it on level 6 of the Dungeon)

   It causes projectiles fired from it to burn those they strike, causing extra
   injury to most foes and up to half again as much damage against particularly
   susceptible opponents.
   It affects your strength (+2).
 p - a +0 whip
 A - a +1 battleaxe
 F - a +2 flail of protection
Missiles
 G - 48 arrows
 M - 12 poisoned needles
Armour
 h - a +0 ring mail
 k - a +2 pair of boots (worn)
 x - a +0 scale mail
 J - a +1 robe of fire resistance
 K - a cursed +0 chain mail (worn)
 R - a +0 pair of gloves (worn)
Jewellery
 j - a ring of protection from magic (right hand)
 m - a ring of protection from fire (left hand)
 n - a +2 ring of protection
 w - an amulet of magic regeneration (around neck)
 P - an uncursed ring of wizardry
Wands
 v - a wand of acid (5/15)
 E - a wand of disintegration (12/24)
Scrolls
 g - a scroll of fear
 i - 6 scrolls of identify
 q - 4 scrolls of teleportation
 r - 5 scrolls of remove curse
 s - a scroll of enchant weapon
Potions
 e - 2 potions of lignification {unknown}
 f - 2 potions of agility {unknown}
 l - 2 potions of mutation {unknown}
 z - 3 potions of heal wounds {unknown}
 H - a potion of brilliance {unknown}
 I - 2 potions of curing
 Q - a potion of flight {unknown}
Books
 B - a book of Necromancy

   Spells                             Type                      Level
   a - Pain                           Necromancy                   1
   b - Animate Skeleton               Necromancy                   1
   c - Vampiric Draining              Necromancy                   3
   d - Regeneration                   Charms/Necromancy            3
   e - Animate Dead                   Necromancy                   4
   f - Control Undead                 Necromancy                   4
 O - a book of Maledictions

   Spells                             Type                      Level
   a - Corona                         Hexes                        1
   b - Ensorcelled Hibernation        Hexes/Ice                    2
   c - Confuse                        Hexes                        3
   d - Tukima's Dance                 Hexes                        3
   e - Dazzling Spray                 Conjuration/Hexes            3
Comestibles
 c - 7 bread rations
 o - 7 meat rations
 C - a fruit
 N - a royal jelly


   Skills:
 + Level 2.4 Fighting
 + Level 5.7 Armour
 - Level 2.1 Dodging
 - Level 2.4 Stealth
 - Level 9.0 Spellcasting
 + Level 9.7 Necromancy
 + Level 5.1 Evocations


You had 23 spell levels left.
You knew the following spells:

 Your Spells              Type           Power        Failure   Level  Hunger
a - Pain                  Necr           ####         3%          1    None
v - Vampiric Draining     Necr           #####.....   10%         3    None


Dungeon Overview and Level Annotations

Branches:
Dungeon (9/15)             Temple (1/1) D:5
   Lair: D:8-11         Orc: D:9-12

Altars:
Elyvilon
Fedhas
Gozag
Makhleb
Nemelex Xobeh
Ru
Trog
Vehumet
Xom

Shops:
D:4 *   D:6 *   D:7 [

Annotations:
D:4 hilaritas's ghost, weakling GrFi
D:8 pTCGFNYNwU3Fd6TS's ghost, novice SpEn


Innate Abilities, Weirdness & Mutations

You are resistant to damage.
You can heal yourself by infusing magical energy.
You passively map the area around you.
You do not regenerate.


Message History

The troll shouts!
A wight comes into view. It is wielding an enchanted battleaxe.
You see here 15 poisoned needles.
The orc barely misses you.
You hit the orc.
The orc is moderately wounded.
You are feeling hungry.
The orc hits you but does no damage.
You hit the orc but do no damage.
The orc is moderately wounded.
The orc barely misses you.
You see here 16 stones.
The wight closely misses you. The orc completely misses you.
Evoke which item? (* to show all) (? for menu, Esc to quit)
Okay, then.
Put on which piece of jewellery? (? for menu, Esc to quit)
Okay, then.
Okay, then.
Okay, then.
Are you sure you want to abandon this character and quit the game? (Confirm with "yes".)

* ..... ... * ##...## * #.#
##.....## ####.# # ##.......##
##.##.# ## *
#.........####...#.#########.
+.......z.+.................<
,
*#.........####.....#########.
##....(zz#####..#### ##
##....zoT..@..## ### *
##..(.######.# #.. ##+#(# #.#
#.# ####.#.######.# #.. ,
#......##.....# ##.
#.##.#.##.###.# #.
##.#....##.# #.# #. ,
........##.###.# #. * *
##...>.........# ##


You could see a troll, 3 wights and an orc.

Vanquished Creatures
  2 two-headed ogres (D:8)
  The ghost of flt the Changer, a novice OpTm of Okawaru (D:6)
  A wyvern (D:8)
  Eustachio (D:5)
  Menkaure (D:7)
  2 ice beasts
  2 sky beasts
  An orc warrior (D:5)
  A black bear (D:9)
  3 ogres (D:4)
  3 centaurs
  2 bullfrogs
  A scorpion (D:9)
  A howler monkey (D:8)
  7 crimson imps
  2 orc priests
  5 hounds
  12 orc wizards
  2 centaur skeletons (D:8)
  A gnoll shaman (D:4)
  3 iguanas
  6 worker ants
  A hound skeleton (D:4)
  A howler monkey skeleton (D:4)
  6 adders
  5 gnolls (D:4)
  An adder skeleton (D:8)
  4 worms
  A dart slug (D:2)
  6 leopard geckos
  34 orcs
  A ball python (D:4)
  5 bats
  7 giant cockroaches
  6 goblins
  6 hobgoblins
  14 jackals
  5 kobolds
  2 quokkas
  5 frilled lizards
  A quokka zombie (D:6)
  2 rats (D:2)
173 creatures vanquished.

Notes
Turn   | Place    | Note
-------+----------+-------------------------------------------
     0 | D:1      | letownia2 the Deep Dwarf Necromancer began the quest for the Orb.
     0 | D:1      | Reached XP level 1. HP: 15/15 MP: 3/3
   372 | D:4      | Noticed an orc wizard
   394 | D:5      | Entered Level 5 of the Dungeon
   394 | D:5      | Noticed an ogre
   444 | D:4      | Noticed an orc wizard
   449 | D:4      | Noticed an orc wizard
   469 | D:4      | You fall through a shaft for 2 floors!
   469 | D:6      | Noticed a hound
   469 | D:6      | Noticed an orc priest
   469 | D:6      | Noticed flt's ghost (novice OpTm)
   616 | D:6      | Reached XP level 2. HP: 13/22 MP: 1/5
   662 | D:6      | Noticed a crimson imp
   756 | D:6      | Noticed a crimson imp
   848 | D:6      | Noticed an ice beast
   860 | D:5      | Noticed a sky beast
  1141 | D:3      | Reached skill level 5 in Necromancy
  1183 | D:4      | Reached XP level 3. HP: 14/28 MP: 1/6
  1315 | D:4      | Reached XP level 4. HP: 18/36 MP: 1/7
  1322 | D:4      | Learned a level 3 spell: Vampiric Draining
  2033 | D:4      | Reached XP level 5. HP: 22/42 MP: 0/8
  2089 | D:4      | Noticed hilaritas's ghost (weakling GrFi)
  2250 | D:4      | Killed an ogre
  2442 | D:4      | Reached XP level 6. HP: 21/49 MP: 2/9
  2828 | D:4      | Reached skill level 1 in Armour
  3060 | D:4      | Found Xeaw's Serpentskin Sales.
  3220 | D:4      | Reached XP level 7. HP: 38/56 MP: 1/11
  3358 | D:4      | Reached skill level 1 in Fighting
  4123 | D:5      | Found a staircase to the Ecumenical Temple.
  4141 | Temple   | Entered the Ecumenical Temple
  4151 | Temple   | Became a worshipper of Gozag Ym Sagoz the Greedy
  4153 | Temple   | Reached XP level 8. HP: 56/67 MP: 10/13
  6535 | D:1      | Found a bloodstained altar of Trog.
  6537 | D:1      | Found a glowing silver altar of Zin.
  6537 | D:1      | Found a sacrificial altar of Ru.
  6540 | D:1      | Found a shimmering altar of Xom.
  6540 | D:1      | Found a sparkling altar of Nemelex Xobeh.
  6540 | D:1      | Found a deep blue altar of Sif Muna.
  6861 | D:6      | Reached skill level 5 in Spellcasting
  6877 | D:6      | Noticed Eustachio
  6991 | D:5      | Killed Eustachio
  7079 | D:6      | Killed flt's ghost
  7079 | D:6      | Gained mutation: You passively map the area around you. [Deep Dwarf growth]
  7079 | D:6      | Reached XP level 9. HP: 29/73 MP: 17/19
  7130 | D:6      | Found Sowiutic's General Store.
  7483 | D:6      | Got a brightly glowing longbow
  7484 | D:6      | Identified the +3 longbow of Glory {flame, Str+2} (You found it on level 6 of the Dungeon)
  7687 | D:7      | Noticed Menkaure
  7692 | D:7      | Killed Menkaure
  8262 | D:8      | Noticed a two-headed ogre
  8272 | D:8      | Killed a two-headed ogre
  8272 | D:8      | Reached skill level 5 in Armour
  8292 | D:8      | Noticed pTCGFNYNwU3Fd6TS's ghost (novice SpEn)
  8367 | D:8      | Noticed a two-headed ogre
  8377 | D:8      | Killed a two-headed ogre
  8377 | D:8      | Reached XP level 10. HP: 45/80 MP: 6/23
  8760 | D:9      | Reached skill level 5 in Evocations
  8919 | D:9      | Quit the game

Skill      XL: |  1  2  3  4  5  6  7  8  9 10 |
---------------+-------------------------------+-----
Spellcasting   | 2 3 6 9 |  9.0
Necromancy     | 5 6 7 8 9 |  9.7
Armour         | 2 3 5 |  5.7
Fighting       | 2 |  2.4
Evocations     | 3 5 |  5.1
Dodging        | |  2.1
Stealth        | |  2.4

Action                   |  1- 3 |  4- 6 |  7- 9 | 10-12 || total
-------------------------+-------+-------+-------+-------++-------
Melee: Whip              |     2 |    29 |   150 |    50 ||   231
       Dagger            |       |       |    10 |       ||    10
 Fire: Longbow           |       |       |    12 |       ||    12
 Cast: Pain              |    37 |    37 |   163 |       ||   237
       Vampiric Draining |       |    33 |    60 |    24 ||   117
Invok: Call Merchant     |       |       |     1 |       ||     1
Evoke: Wand              |       |       |     2 |       ||     2
  Use: Scroll            |     2 |       |     4 |     8 ||    14
       Potion            |     1 |       |     1 |       ||     2
 Stab: Sleeping          |       |       |     1 |       ||     1
  Eat: Chunk             |     2 |    10 |     5 |       ||    17
       Fruit             |       |       |     6 |       ||     6
       Royal jelly       |       |       |     5 |       ||     5
Armor: Ring mail         |    13 |    28 |    24 |       ||    65
       Scale mail        |       |       |    89 |       ||    89
       Chain mail        |       |       |    19 |    58 ||    77
Dodge: Dodged            |    18 |    36 |   160 |    21 ||   235
